 Dungeon Crawl Stone Soup version 0.29.1-2-gbd0b4ee654 (webtiles) character file.

Game seed: 5947157734977036710

86 MaxHasHax6295 the Chopper (level 4, 0/41 HPs)
             Began as a Minotaur Berserker on Oct 27, 2022.
             Was a Believer of Trog.
             Slain by an orc priest
             ... wielding a +0 flail
              (1 damage)
             ... on level 3 of the Dungeon.
             The game lasted 00:03:01 (1974 turns).

MaxHasHax6295 the Chopper (Minotaur Berserker)      Turns: 1974, Time: 00:03:03

Health: 0/41       AC:  6    Str: 23    XL:     4   Next: 27%
Magic:  3/3        EV: 10    Int:  4    God:    Trog [**....]
Gold:   99         SH:  0    Dex: 10    Spells: 3/3 levels left

rFire   . . .      SeeInvis .   a - +0 hand axe
rCold   . . .      Faith    .   (no shield)
rNeg    . . .      Spirit   .   n - +0 scale mail
rPois   .          Reflect  .   (helmet restricted)
rElec   .          Harm     .   (no cloak)
rCorr   .          Rampage  .   (no gloves)
Will    ++...                   (no boots)
Stlth   ..........              (no amulet)
HPRegen 1.13/turn               (no ring)
MPRegen 0.08/turn               (no ring)

@: strong-willed, regenerating
A: horns 2, retaliatory headbutt
a: Renounce Religion, Berserk, Trog's Hand


You were on level 3 of the Dungeon.
You worshipped Trog.
Trog was pleased with you.
You visited 1 branch of the dungeon, and saw 3 of its levels.

You collected 99 gold pieces.

Inventory:

Hand Weapons
 a - a +0 hand axe (weapon)
Armour
 b - a +0 animal skin
 n - a +0 scale mail (worn)
Wands
 l - a wand of flame (32)
Scrolls
 c - a scroll of teleportation {unknown}
 g - 2 scrolls of enchant armour
 h - 2 scrolls of summoning
Potions
 d - 2 potions of attraction
 e - a potion of brilliance {unknown}
 f - a potion of curing
 j - 2 potions of mutation {unknown}
 k - a potion of might {unknown}


   Skills:
 + Level 4.6 Fighting
 + Level 5.1 Axes
 + Level 2.6 Armour
 + Level 2.5 Dodging
 + Level 0.2 Stealth


You had 3 spell levels left.
You didn't know any spells.
Your spell library was empty.

Dungeon Overview and Level Annotations

Branches:
Dungeon (3/15)

Altars:


Innate Abilities, Weirdness & Mutations

You have a pair of horns on your head.
You reflexively headbutt those who attack you in melee.


Message History

The orc priest shouts!
Your headbutt misses something.
An orc comes into view. It is wielding a +0 mace.
You hear some strange, mumbled words.
A magic dart appears from out of thin air!
The magic dart hits you!
The orc priest hits you but does no damage.
You closely miss the orc priest. Your headbutt misses the orc priest.
You closely miss something. Something hits you.
The orc priest calls down the wrath of Beogh upon you.
Beogh smites you!
* * * LOW HITPOINT WARNING * * *
You are too injured to fight recklessly!
You are too injured to fight recklessly!
Your skin crawls.
You feel strong-willed.
The orc priest hits you with a +0 flail.
* * * LOW HITPOINT WARNING * * *
The orc hits you with a +0 mace.
* * * LOW HITPOINT WARNING * * *
Something hits you but does no damage.
You feel better.
The orc priest hits you with a +0 flail.
* * * LOW HITPOINT WARNING * * *
The orc hits you with a +0 mace.
* * * LOW HITPOINT WARNING * * *
Something hits you but does no damage.
You are too injured to fight recklessly!
You are too injured to fight recklessly!
You barely miss the orc priest. You hit the orc. You hit something.
The orc closely misses you. Something hits you but does no damage.
The orc priest hits you with a +0 flail.
* * * LOW HITPOINT WARNING * * *
You barely miss the orc priest. You hit the orc but do no damage.
You miss something. The orc hits you with a +0 mace.
* * * LOW HITPOINT WARNING * * *
Something hits you.
* * * LOW HITPOINT WARNING * * *
The orc priest hits you with a +0 flail.
You die...

#..# ###..##.#
..#...... .....# ###
#.##.# ..# #.#..# #.#
#....#### #.#
#......†#####.#####.#
##...##...)..).{@o..#
##.###..<....)..o......
#.# #..####.#####.####
#.# #..# #.# # #.# #..#
#.# #.# #..# #.. #..
...# ### ##.<#


You could see an orc priest and an orc.

Vanquished Creatures
  3 adders (D:2)
  A worm (D:2)
  2 dart slugs (D:1)
  2 orcs (D:3)
  6 ball pythons
  4 endoplasms
  A giant cockroach (D:2)
  7 goblins
  3 hobgoblins (D:1)
  2 jackals (D:3)
  3 quokkas
  4 bats
  2 frilled lizards
  3 kobolds (D:1)
  3 rats (D:1)
46 creatures vanquished.

Notes
Turn   | Place    | Note
-------+----------+-------------------------------------------
     0 | D:1      | MaxHasHax6295 the Minotaur Berserker began the quest for
                  | the Orb.
     0 | D:1      | Reached XP level 1. HP: 19/19 MP: 0/0
    77 | D:1      | Reached skill level 4 in Axes
    77 | D:1      | Reached XP level 2. HP: 23/27 MP: 1/1
   759 | D:1      | Reached XP level 3. HP: 31/33 MP: 2/2
   760 | D:1      | Reached ** piety under Trog
  1679 | D:2      | Reached skill level 5 in Axes
  1679 | D:2      | Reached XP level 4. HP: 41/41 MP: 3/3
  1845 | D:2      | Found a faded altar of an unknown god.
  1974 | D:3      | HP: 1/41 [something (6)]
  1974 | D:3      | Slain by an orc priest

Illustrated notes

Levels and vault maps discovered:
D:1:      scummos_arrival_hexagon, layout_rooms
D:2:      layout_basic, dreamdust_ecumenical_altar_angels_and_demons
D:3:      layout_loops_ring, serial_shops, shop

Skill      XL: |  1  2  3 |
---------------+----------+-----
Axes           | 4 5 |  5.1
Fighting       | 4 |  4.6
Armour         | |  2.6
Dodging        | |  2.5
Stealth        | |  0.2

Action                   |  1- 3 |  4- 6 || total
-------------------------+-------+-------++-------
Melee: Hand axe          |    73 |    21 ||    94
       Headbutt          |     8 |     1 ||     9
Invok: Trog's Hand       |       |     1 ||     1
  Use: Scroll            |     4 |       ||     4
       Potion            |       |     1 ||     1
Armor: Animal skin       |    16 |       ||    16
       Scale mail        |       |     8 ||     8
Dodge: Dodged            |    42 |     6 ||    48
